 Dungeon Crawl Stone Soup version 0.28.0-47-ge53b351184 (webtiles) character file.

Game seed: 12815696383014451236

25 101zpm the Magician (level 3, -6/25 HPs)
             Began as a Djinni Fire Elementalist on Apr 28, 2022.
             Mangled by Terence
             ... wielding a +2 vorpal mace
              (7 damage)
             ... on level 1 of the Dungeon.
             The game lasted 00:04:20 (2050 turns).

101zpm the Magician (Djinni Fire Elementalist)      Turns: 2050, Time: 00:04:21

Health: -6/25      AC:  2    Str:  7    XL:     3   Next: 20%
Gold:   0          EV: 12    Int: 18    God:
                   SH:  0    Dex: 13

rFire   + + .      SeeInvis .   d - staff of poison
rCold   x . .      Faith    .   (no shield)
rNeg    . . .      Spirit   .   a - +0 robe
rPois   ∞          Reflect  .   (no helmet)
rElec   .          Harm     .   (no cloak)
rCorr   .          Rampage  .   (no gloves)
Will    .....                   (boots unavailable)
Stlth   ++........              (no amulet)
HPRegen 0.08/turn               (no ring)
MPRegen 0.00/turn               (no ring)

@: flying
A: sickness immunity, fire resistance 2, cold vulnerability 1, float, innate
caster, HP casting, extra vitality 1
a: no special abilities


You were on level 1 of the Dungeon.
You visited 1 branch of the dungeon, and saw 2 of its levels.

Inventory:

Missiles
 e - 6 boomerangs (quivered)
Armour
 a - a +0 robe (worn)
Magical Staves
 d - a staff of poison (weapon)
Scrolls
 b - a scroll of noise {unknown}
 f - 2 scrolls of identify {unknown}
 g - a scroll of fear {unknown}
Potions
 c - a potion of cancellation {unknown}
 h - a potion of mutation {unknown}


   Skills:
 + Level 0.2 Fighting
 + Level 2.4 Dodging
 + Level 1.6 Stealth
 + Level 3.1 Spellcasting


You couldn't memorise any spells.
You knew the following spells:

 Your Spells              Type           Power      Damage    Failure   Level
a - Foxfire               Conj/Fire      56%        2x1d6     4%          1
b - Scorch                Fire           28%        2d6       7%          2
c - Conjure Flame         Conj/Fire      14%        6-21      14%         3
d - Inner Flame           Hex/Fire       14%        N/A       14%         3
e - Flame Wave            Conj/Fire      14%        2d6       41%         4
f - Sting                 Tmut/Pois      84%        1d7       4%          1
Your spell library was empty.

Dungeon Overview and Level Annotations

Branches:
Dungeon (2/15)

Altars:

Shops:
D:1 :

Annotations:
D:1 Terence


Innate Abilities, Weirdness & Mutations

You are immune to sickness and miasma.
You are immune to poison.
Your flesh is very heat resistant. (rF++)
You are vulnerable to cold. (rC-)
You float through the air rather than walking.
You learn spells naturally, not from books.
Your magical power is your life essence.
You have superior vitality. (+4 MHP)


Message History

You conjure some foxfire!
* * * LOW HITPOINT WARNING * * *
Terence closely misses you.
The foxfire hits Terence.
Terence is severely wounded.
The foxfire hits Terence but does no damage.
Terence is severely wounded.
Casting: Foxfire (safe; 4% risk of failure)
Confirm with . or Enter, or press ? or * to list all spells.
You conjure some foxfire!
* * * LOW HITPOINT WARNING * * *
Terence drinks a potion.
Terence is healed!
Your foxfire dissipates!
The foxfire hits Terence but does no damage.
Casting: Foxfire (safe; 4% risk of failure)
Confirm with . or Enter, or press ? or * to list all spells.
You conjure some foxfire!
* * * LOW HITPOINT WARNING * * *
Terence barely misses you.
Your foxfire dissipates!
Unknown command.
Terence shouts, "Get ready for death!"
Terence shouts, "Now you die!" Terence screams, "I want your blood!"
Terence asks, "Do you want it fast or slow?"
Casting: Foxfire (safe; 4% risk of failure)
Confirm with . or Enter, or press ? or * to list all spells.
You conjure some foxfire!
* * * LOW HITPOINT WARNING * * *
Terence hits you with a +2 vorpal mace.
* * * LOW HITPOINT WARNING * * *
x2 The foxfire hits Terence but does no damage.
The foxfire hits Terence.
Terence is lightly wounded.
Casting: Foxfire (safe; 4% risk of failure)
Confirm with . or Enter, or press ? or * to list all spells.
You conjure some foxfire!
* * * LOW HITPOINT WARNING * * *
Terence hits you with a +2 vorpal mace!
You die...

..#.# #.# ....# #.# ###
#.#.###########.######.##
....................#.#.##
............###.###..###.##
#.#.#######.........## ##.#######
#.#.# #..........###........#
.#..# #.....vv..#.#.#######.#
....#######....§@............##.#
#.#...........(.@..(########.##.#
#(#.#######.........########.##.#
#.#.## #..............##...#.#
#....######.#....#.#####....#....
.........##.#....#.# #.##..†...
#....###.##.#.##.#.# #.###†#.#.
#.#.## #)##.#......# #.# #.#...
#.#.####.#####.....#####.# #.#.#.


You could see Terence (ally target).

Vanquished Creatures
  A dart slug (D:1)
  A bat (D:1)
  6 endoplasms (D:1)
  4 hobgoblins (D:1)
  A quokka (D:1)
  5 ball pythons (D:1)
  2 kobolds (D:1)
  A rat (D:1)
21 creatures vanquished.

Vanquished Creatures (others)
  88 foxfires
88 creatures vanquished.

Grand Total: 109 creatures vanquished

Notes
Turn   | Place    | Note
-------+----------+-------------------------------------------
     0 | D:1      | 101zpm the Djinni Fire Elementalist began the quest for the
                  | Orb.
     0 | D:1      | Reached XP level 1. HP: 15/15 MP: 0/0
   347 | D:1      | Reached XP level 2. HP: 15/21 MP: 0/0
  1201 | D:1      | Reached skill level 3 in Spellcasting
  1232 | D:1      | Reached XP level 3. HP: 22/25 MP: 0/0
  1232 | D:1      | Learned a level 1 spell: Sting
  1298 | D:1      | Found Kofoyhoori's Book Emporium.
  1973 | D:2      | Noticed Terence
  2050 | D:1      | Mangled by Terence

Illustrated notes

Levels and vault maps discovered:
D:1:      amcnicky_arrival_single_pillar, layout_loops_ring, serial_shops,
          nicolae_shop_crystal
D:2:      minmay_angry_zag, layout_loops_ring, serial_shops,
          nicolae_shop_advertising_works [nicolae_subvault_shop_adworks],
          basic_altar, shapermc_ecumenical_altar_petra, uniq_sigmund,
          uniq_robin, uniq_terence

Skill      XL: |  1  2 |
---------------+-------+-----
Spellcasting   | 3 |  3.1
Fighting       | |  0.2
Dodging        | |  2.4
Stealth        | |  1.6

Action                   || total
-------------------------++-------
Melee: Unarmed           ||     1
       Staff             ||     7
Throw: Boomerang         ||    12
 Cast: Foxfire           ||    66
Armor: Robe              ||     2
Dodge: Dodged            ||    12
